 Dungeon Crawl Stone Soup version 0.19.1-1-g22dce08 (webtiles) character file.

112 esteth the Conjurer (level 4, -2/24 HPs)
             Began as a Deep Elf Conjurer on Dec 29, 2016.
             Killed by nerve-wracking pain
             ... invoked by an orc priest
              (9 damage)
             ... on level 3 of the Dungeon.
             The game lasted 00:08:19 (2032 turns).

esteth the Conjurer (Deep Elf Conjurer)             Turns: 2032, Time: 00:08:19

Health: -2/24      AC:  3    Str:  5    XL:     4   Next: 63%
Magic:  0/12       EV: 14    Int: 21    God:
Gold:   119        SH:  0    Dex: 15    Spells: 2 memorised, 7 levels left

rFire  . . .     SeeInvis .     (no weapon)
rCold  . . .     Gourm    .     a - +0 robe
rNeg   . . .     Faith    .     (no shield)
rPois  .         Spirit   .     (no helmet)
rElec  .         Reflect  .     n - -1 cloak (curse)
rCorr  .         Harm     .     (no gloves)
MR     .....                    j - +0 pair of boots
Stlth  ++........               (no amulet)
                                (no ring)
                                (no ring)

@: very slightly contaminated
A: no striking features
a: no special abilities


You were on level 3 of the Dungeon.
You were hungry.

You visited 1 branch of the dungeon, and saw 3 of its levels.

You collected 119 gold pieces.

Inventory:

Hand Weapons
 e - a +0 dagger of pain
Armour
 a - a +0 robe (worn)
 j - a +0 pair of boots (worn)
 n - a cursed -1 cloak (worn)
Scrolls
 o - 2 scrolls of identify
Potions
 d - a potion of magic {unknown}
 i - a potion of heal wounds {unknown}
 k - a potion of berserk rage {unknown}
 l - a potion of flight {unknown}
 m - a potion of mutation {unknown}
Books
 b - a book of Conjurations

   Spells                             Type                      Level
   a - Magic Dart                     Conjuration                  1
   b - Searing Ray                    Conjuration                  2
   c - Dazzling Spray                 Conjuration/Hexes            3
   d - Fulminant Prism                Conjuration/Hexes            4
   e - Iskenderun's Mystic Blast      Conjuration                  4
   f - Iskenderun's Battlesphere      Conjuration/Charms           5
Comestibles
 c - 4 bread rations
 f - 2 meat rations
 g - a slice of pizza
 h - 4 chunks of flesh
 p - a beef jerky


   Skills:
 + Level 3.4 Dodging
 - Level 2.8 Stealth
 - Level 4.5 Spellcasting
 - Level 5.0 Conjurations
 + Level 1.8 Hexes


You had 7 spell levels left.
You knew the following spells:

 Your Spells              Type           Power        Failure   Level  Hunger
a - Magic Dart            Conj           ####         1%          1    None
b - Fulminant Prism       Conj/Hex       ###.......   28%         4    ####...


Dungeon Overview and Level Annotations

Branches:
Dungeon (3/15)

Altars:


Message History

The magic dart hits the orc priest.
You are feeling hungry.
An orc comes into view. It is wielding a flail.
Casting: Magic Dart
Confirm with . or Enter, or press ? or * to list all spells.
Aiming: Magic Dart
Press: ? - help, Shift-Dir - straight line The magic dart hits the orc priest.
The orc priest is moderately wounded.
The orc priest hits you with a hand axe.
* * * LOW HITPOINT WARNING * * *
Casting: Magic Dart
Confirm with . or Enter, or press ? or * to list all spells.
Aiming: Magic Dart
Press: ? - help, Shift-Dir - straight line The magic dart hits the orc priest.
The orc priest is moderately wounded.
The orc priest calls down the wrath of Beogh upon you.
Pain shoots through your body!
You die...

######### ........#
#### ### #######.#
#.. ..# ## #.# #.#
#.# .##
#.###.####.#### #.#
#..(..(o.)@...# .##
#.###.####o##.# ##
#.# #.# #.#
#######.# #.. ...
..[.....########.##
###.#.........##.#
###.#.#######.##.#
......#.....#.##.#
............#.#


You could see an orc priest and an orc.

Vanquished Creatures
  An orc priest (D:3)
  2 adders (D:2)
  A worm (D:2)
  A dart slug (D:3)
  4 leopard geckos
  2 orcs (D:3)
  A giant cockroach (D:2)
  8 hobgoblins
  12 kobolds
  2 quokkas (D:2)
  2 ball pythons
  8 bats
  2 frilled lizards (D:1)
  5 goblins
  6 rats
57 creatures vanquished.

Vanquished Creatures (others)
  A fulminant prism (D:3)
1 creature vanquished.

Grand Total: 58 creatures vanquished

Notes
Turn   | Place    | Note
-------+----------+-------------------------------------------
     0 | D:1      | esteth the Deep Elf Conjurer began the quest for the Orb.
     0 | D:1      | Reached XP level 1. HP: 10/10 MP: 6/6
   168 | D:1      | Reached XP level 2. HP: 15/15 MP: 2/8
   857 | D:2      | Reached XP level 3. HP: 19/19 MP: 6/10
  1772 | D:2      | Reached skill level 5 in Conjurations
  1772 | D:2      | Reached XP level 4. HP: 24/24 MP: 7/12
  1806 | D:2      | Learned a level 4 spell: Fulminant Prism
  2019 | D:3      | Reached skill level 1 in Hexes
  2032 | D:3      | Killed from afar by an orc priest

Skill      XL: |  1  2  3  4 |
---------------+-------------+-----
Spellcasting   | 4 |  4.5
Conjurations   | 5 |  5.0
Hexes          | 1 |  1.8
Dodging        | 3 |  3.4
Stealth        | |  2.8

Action                   |  1- 3 |  4- 6 || total
-------------------------+-------+-------++-------
 Cast: Magic Dart        |    98 |    18 ||   116
       Fulminant Prism   |       |     1 ||     1
  Use: Scroll            |     6 |     1 ||     7
       Potion            |     1 |       ||     1
  Eat: Chunk             |     2 |     1 ||     3
Armor: Robe              |    13 |       ||    13
Dodge: Dodged            |    41 |     3 ||    44
